AoeStats
← Kez

Black Forest

509905689Analyzed
3v3 RM · 3d ago on Sep 28, 2026· 41m 34s· 6 players
Game mode
Random Map
Map size
Normal (6 player)
Population
200
Speed
Normal
Resources
Standard
Victory
Conquest
Starting age
Dark Age
Ending age
Imperial Age
RankedLock teamsTeams togetherTeam positionsShared explorationLock speedFull tech treeHidden civsTurbo modeCheats
Victory
Defeat
🇩🇪 Armenians · Germany
1289
+14
🇧🇷 Cumans · Brazil
1283
+15
🇳🇱 Persians · Netherlands
1244
+16
🇨🇦 Danes · Canada
1353
-19
🇮🇳 Chinese · India
1202
-13
🇮🇳 Bengalis · India
1202
-13
Kez
0:49 Loom
14:34 Feudal Age
15:35 Double-Bit Axe
19:23 Castle Age
21:35 Fishing Lines
23:52 Bow Saw
23:26 Horse Collar
24:33 Wheelbarrow
24:56 Gillnets
25:52 Stone Mining
25:55 Gold Mining
26:25 Heavy Plow
29:42 Imperial Age
27:44 Town Watch
28:51 Hand Cart
29:15 Scale Barding Armor
29:46 Bloodlines
30:47 Conscription
31:17 Husbandry
31:03 Cavalier
33:44 Forging
33:54 Chain Barding Armor
35:30 Gold Shaft Mining
34:26 Savar
36:20 Hoardings
36:58 Onager
39:20 Plate Barding Armor
39:21 Iron Casting
KIV.Theo
2:11 Loom
12:49 Feudal Age
13:37 Double-Bit Axe
14:45 Fishing Lines
16:28 Gold Mining
18:52 Wheelbarrow
20:54 Castle Age
20:34 Wheelbarrow
20:01 Man-at-Arms
20:42 Scale Mail Armor
20:52 Forging
20:45 Arson
20:46 Long Swordsman
21:51 Bow Saw
21:51 Gambesons
22:07 Squires
22:10 Gillnets
22:42 Two-Handed Swordsman
23:59 Horse Collar
25:36 Chain Mail Armor
27:24 Hand Cart
27:43 Champion
29:36 Iron Casting
30:22 Gold Shaft Mining
30:52 Stone Mining
33:47 Imperial Age
34:34 Capped Ram
36:17 Chemistry
35:37 Ballistics
35:09 Fletching
35:50 Plate Mail Armor
35:47 Conscription
35:32 Fereters
36:46 Siege Ram
37:46 Masonry
37:05 Elite Composite Bowman
38:22 Hoardings
38:06 Fortified Wall
39:21 Blast Furnace
39:48 Onager
deslin_
0:26 Loom
9:53 Feudal Age
19:37 Castle Age
17:49 Double-Bit Axe
19:06 Scale Barding Armor
20:10 Wheelbarrow
19:39 Capped Ram
21:44 Bloodlines
26:17 Chain Barding Armor
27:15 Scale Mail Armor
27:26 Forging
28:43 Forging
32:48 Imperial Age
31:11 Bow Saw
32:15 Horse Collar
32:27 Town Watch
33:06 Cavalier
34:29 Plate Barding Armor
35:42 Iron Casting
35:34 Caravan
36:38 Conscription
37:36 Heavy Plow
39:59 Blast Furnace
40:51 Paladin
koppzer
1:04 Loom
11:21 Feudal Age
15:12 Double-Bit Axe
16:52 Horse Collar
22:05 Castle Age
23:31 Bow Saw
24:17 Wheelbarrow
26:56 Stone Mining
32:39 Imperial Age
30:40 Heavy Plow
31:33 Masonry
31:33 Scale Mail Armor
31:56 Town Watch
32:07 Gold Mining
33:13 Chain Mail Armor
35:57 Hand Cart
36:21 Onager
37:55 Siege Engineers
39:26 Conscription
41:17 Ballistics
CyberAthlete
6:04 Loom
12:12 Feudal Age
17:06 Castle Age
15:27 Double-Bit Axe
19:39 Wheelbarrow
18:49 Town Watch
20:34 Horse Collar
21:50 Heavy Plow
21:34 Fishing Lines
24:15 Gillnets
25:50 Hand Cart
25:45 Gold Mining
25:47 Stone Mining
31:20 Imperial Age
30:08 Fletching
30:18 Padded Archer Armor
31:30 Gold Shaft Mining
30:52 Bodkin Arrow
31:22 Ballistics
31:47 Leather Archer Armor
31:38 Husbandry
31:49 Bloodlines
31:48 Elite Elephant Archer
33:38 Chemistry
32:30 Elite Elephant Archer
34:09 Bracer
34:40 Ring Archer Armor
38:05 Town Watch
39:52 Elite Battle Elephant
Aka1412
0:28 Loom
14:27 Feudal Age
19:05 Castle Age
18:35 Double-Bit Axe
18:56 Horse Collar
23:27 Wheelbarrow
29:19 Gold Mining
30:36 Fishing Lines
30:54 Fletching
31:32 Hand Cart
35:35 Imperial Age
33:39 Hand Cart
34:11 Gold Shaft Mining
34:14 Ballistics
34:33 Bodkin Arrow
35:01 Bow Saw
35:21 Thumb Ring
36:00 Masonry
35:44 Heavy Rocket Cart
36:28 Bracer
37:51 Conscription
38:47 Chemistry
38:19 Town Watch
Connection lost

Rejoining the realm…

Still unreachable

The connection could not be restored.

Session expired

The server has moved on; the page needs a fresh start.